 Dungeon Crawl Stone Soup version 0.23.2-40-g277498a001 (webtiles) character file.

Game seed: 13598321976171148405

976 CitizenNev the Covered (level 8, -13/51 HPs)
             Began as a Gargoyle Fighter on Aug 22, 2019.
             Killed from afar by Ijyb (21 damage)
             ... with a wand of acid (5)
             ... on level 4 of the Dungeon.
             The game lasted 00:11:28 (3025 turns).

CitizenNev the Covered (Gargoyle Fighter)           Turns: 3025, Time: 00:11:28

Health: -13/51     AC: 12    Str: 27    XL:     8   Next: 16%
Magic:  8/8        EV:  4    Int:  9    God:
Gold:   191        SH: 15    Dex: 11    Spells: 7/7 levels left

rFire    . . .     SeeInvis .   c - +2 mace (holy)
rCold    + . .     Gourm    .   n - +0 large shield
rNeg     + . .     Faith    +   a - +0 chain mail
rPois    ∞         Spirit   .   g - +0 helmet
rElec    +         Reflect  .   l - +0 cloak
rCorr    .         Harm     .   (no gloves)
MR       +....                  (no boots)
Stlth    ..........             m - amulet of faith
HPRegen  0.17/turn              i - ring of protection from cold
MPRegen  0.11/turn              p - ring of protection from magic

@: mighty, corroded
A: yellow scales 1, agile 1, high mp 1, negative energy resistance 1,
electricity resistance, unbreathing, petrification resistance, rot immunity, AC
+5
a: no special abilities


You were on level 4 of the Dungeon.
You were very hungry.

You visited 1 branch of the dungeon, and saw 4 of its levels.

You collected 191 gold pieces.

Inventory:

Hand Weapons
 c - a +2 mace of holy wrath (weapon)
Armour
 a - a +0 chain mail (worn)
 g - a +0 helmet (worn)
 l - a +0 cloak (worn)
 n - a +0 large shield (worn)
Jewellery
 i - a ring of protection from cold (left hand)
 m - an amulet of faith (around neck)
 p - a ring of protection from magic (right hand)
 r - an uncursed ring of positive energy
Scrolls
 h - a scroll of amnesia
 j - 2 scrolls of remove curse
 q - 3 scrolls of identify
Potions
 b - a potion of flight
 e - a potion of cancellation
 k - a potion of magic
Comestibles
 f - 5 rations


   Skills:
 - Level 6.1 Fighting
 - Level 6.0 Maces & Flails
 - Level 6.7 Armour
 * Level 3.2 Shields


You had 7 spell levels left.
You didn't know any spells.
Your spell library was empty.

Dungeon Overview and Level Annotations

Branches:
Dungeon (4/15)
 Temple: D:4-7

Altars:
Ashenzari
Cheibriados
Hepliaklqana
Xom
Yredelemnul

Annotations:
D:4 Ijyb


Innate Abilities, Weirdness & Mutations

You are resistant to torment.
Your stone body is resilient. (AC +5)
You are immune to poison.
You resist negative energy. (rN+)
You are resistant to electric shocks. (rElec)
You can survive without breathing.
You are immune to petrification.
You are immune to rotting.
You are partially covered in yellow scales. (AC +2)
You are agile. (Dex +2)
You have an increased reservoir of magic. (+10% MP)


Message History

The bolt of acid hits you but does no damage.
The acid corrodes you!
You are splashed with acid!
You hit Ijyb.
Ijyb is severely wounded.
Ijyb hits you but does no damage. You block Ijyb's attack.
You hit Ijyb but do no damage.
Ijyb is severely wounded.
Ijyb zaps a wand.
The bolt of acid hits you! The acid corrodes you!
You are splashed with acid!
* * * LOW HITPOINT WARNING * * *
You are too injured to fight recklessly!
You feel better. Ijyb hits you but does no damage.
Ijyb zaps a wand.
The bolt of acid hits you!
You are splashed with acid!
* * * LOW HITPOINT WARNING * * *
You feel very mighty all of a sudden. You block Ijyb's attack.
You hit Ijyb.
Ijyb is severely wounded.
Ijyb zaps a wand.
The bolt of acid hits you!!
You die...

. #..##..........###...##...
8. #..#..##....#..#.......##
....#. .#.##...##...........#
8.... .#......###...#......#
..#.. .........###..#......##
...........>#....##.....<....#
................#.#..........#
..........................#.##
...............g@..........##
..........#................##
#...................##.......
............##......#........
........######................
.........##..#......#....#..
.....p....).......###....##
##..p.p#.##........##.....#
.)............##..........#


You could see Ijyb.

Vanquished Creatures
  Pikel (D:4)
  Edmund (D:4)
  4 crimson imps (D:3)
  An iguana (D:4)
  Robin (D:3)
  8 gnolls
  7 adders
  3 worms (D:3)
  A dart slug (D:2)
  A leopard gecko (D:2)
  9 orcs (D:3)
  3 giant cockroaches
  14 goblins
  6 hobgoblins
  9 kobolds
  3 quokkas (D:3)
  6 bats
  4 frilled lizards
  4 rats
86 creatures vanquished.

Vanquished Creatures (others)
  An orc (D:4)
1 creature vanquished.

Grand Total: 87 creatures vanquished

Notes
Turn   | Place    | Note
-------+----------+-------------------------------------------
     0 | D:1      | CitizenNev the Gargoyle Fighter began the quest for the
                  | Orb.
     0 | D:1      | Reached XP level 1. HP: 14/14 MP: 1/1
   171 | D:1      | Reached XP level 2. HP: 19/19 MP: 2/2
   918 | D:1      | Gained mutation: You have an increased reservoir of magic.
                  | (+10% MP) [potion of mutation]
   918 | D:1      | Gained mutation: You are agile. (Dex +2) [potion of
                  | mutation]
   918 | D:1      | Gained mutation: You are partially covered in yellow
                  | scales. (AC +2) [potion of mutation]
  1019 | D:2      | Reached XP level 3. HP: 23/23 MP: 3/3
  1095 | D:2      | Reached XP level 4. HP: 19/28 MP: 4/4
  1403 | D:2      | Found a basalt altar of Yredelemnul.
  1696 | D:3      | Found a snail-covered altar of Cheibriados.
  1707 | D:3      | Reached skill level 5 in Maces & Flails
  1709 | D:3      | Noticed Robin
  1725 | D:3      | Reached XP level 5. HP: 32/32 MP: 5/5
  1750 | D:3      | Killed Robin
  2089 | D:3      | Found a shattered altar of Ashenzari.
  2191 | D:3      | Reached XP level 6. HP: 34/37 MP: 6/6
  2485 | D:3      | Found a shimmering altar of Xom.
  2521 | D:3      | Reached skill level 5 in Fighting
  2594 | D:4      | Noticed Edmund
  2629 | D:4      | Killed Edmund
  2629 | D:4      | Reached XP level 7. HP: 45/45 MP: 7/7
  2633 | D:4      | Found a hazy altar of Hepliaklqana.
  2773 | D:4      | Noticed Pikel
  2806 | D:4      | Killed Pikel
  2806 | D:4      | Reached XP level 8. HP: 21/51 MP: 8/8
  3011 | D:4      | Noticed Ijyb
  3025 | D:4      | Killed from afar by Ijyb

Skill      XL: |  1  2  3  4  5  6  7 |
---------------+----------------------+-----
Maces & Flails | 3 4 5 6 |  6.0
Fighting       | 5 6 |  6.1
Armour         | 6 |  6.7
Shields        | |  3.2

Action                   |  1- 3 |  4- 6 |  7- 9 || total
-------------------------+-------+-------+-------++-------
Melee: Flail             |    81 |   172 |       ||   253
       Mace              |       |    67 |    53 ||   120
  Use: Scroll            |     5 |     2 |       ||     7
       Potion            |     2 |     4 |     2 ||     8
  Eat: Chunk             |       |     6 |       ||     6
Armor: Scale mail        |    65 |   115 |       ||   180
       Chain mail        |       |    33 |    37 ||    70
Dodge: Dodged            |    27 |    68 |    11 ||   106
Block: Shield            |    42 |    84 |       ||   126
       Large shield      |       |    67 |    55 ||   122
